 Dungeon Crawl Stone Soup version 0.28.0 (webtiles) character file.

Game seed: 1390090009736803642

88 horus123 the Cutter (level 4, 0/28 HPs)
             Began as a Deep Elf Wanderer on Feb 14, 2022.
             Succumbed to an adder's poison
             ... on level 2 of the Dungeon.
             The game lasted 00:04:30 (2089 turns).

horus123 the Cutter (Deep Elf Wanderer)             Turns: 2089, Time: 00:04:30

Health: 0/28       AC:  2    Str: 12    XL:     4   Next: 30%
Magic:  8/8        EV: 11    Int: 18    God:
Gold:   51         SH:  0    Dex: 12    Spells: 5/6 levels left

rFire   . . .      SeeInvis .   a - +0 rapier
rCold   . . .      Faith    .   (no shield)
rNeg    . . .      Spirit   .   d - +0 robe
rPois   .          Reflect  .   (no helmet)
rElec   .          Harm     .   (no cloak)
rCorr   .          Rampage  .   (no gloves)
Will    .....                   (no boots)
Stlth   +.........              (no amulet)
HPRegen 0.09/turn               (no ring)
MPRegen 0.11/turn               (no ring)

@: lethally poisoned (0 -> -3)
A: no striking features
a: no special abilities


You were on level 2 of the Dungeon.
You visited 1 branch of the dungeon, and saw 2 of its levels.

You collected 51 gold pieces.

Inventory:

Hand Weapons
 a - a +0 rapier (weapon)
Missiles
 g - 3 datura-tipped darts (quivered)
Armour
 d - a +0 robe (worn)
Scrolls
 f - a scroll of torment
 h - a scroll of identify
Potions
 c - a potion of attraction


   Skills:
 + Level 3.3 Fighting
 - Level 4.0 Short Blades
 - Level 2.0 Throwing
 - Level 1.0 Armour
 - Level 1.5 Spellcasting
 - Level 1.1 Fire Magic
 - Level 1.1 Evocations


You had 5 spell levels left.
You knew the following spells:

 Your Spells              Type           Power      Damage    Failure   Level
a - Foxfire               Conj/Fire      12%        2x1d4     16%         1

Your spell library contained the following spells:

 Spells                   Type           Power      Damage    Failure   Level
 Ignite Poison            Fire/Tmut/Pois 2%         N/A       45%         3


Dungeon Overview and Level Annotations

Branches:
Dungeon (2/15)

Altars:


Message History

The adder closely misses you.
You closely miss the adder.
The adder is moderately wounded.
The adder bites you.
You barely miss the adder.
The adder is moderately wounded.
The adder bites you but does no damage. The adder bites you.
You hit the adder.
The adder is heavily wounded.
The adder barely misses you.
You hit the adder.
The adder is severely wounded.
The adder barely misses you.
You hit the adder.
The adder is almost dead.
The adder bites you.
You are poisoned.
The adder poisons you! The adder bites you but does no damage.
You closely miss the adder.
The adder is almost dead.
You feel sick. The adder bites you.
You closely miss the adder.
The adder is almost dead.
You feel sick. The adder bites you.
* * * LOW HITPOINT WARNING * * *
You are lethally poisoned!
The adder poisons you!
You hit the adder.
You kill the adder!
* * * LOW HITPOINT WARNING * * *
You feel sick.
* * * LOW HITPOINT WARNING * * *
You feel sick.
You see here an adder corpse.
* * * LOW HITPOINT WARNING * * *
You feel sick.
Okay, then.
* * * LOW HITPOINT WARNING * * *
You feel sick.
You die...

.(. ..# #.# ... ...
#.# #.# #.# #.# #.#
#.# #(# #.######.
#.########........
#...@..†....#
###########.########
................
.........#.####
########...#
##.########.#######
...#...............
..#.........#####.
..#.............


There were no monsters in sight!

Vanquished Creatures
  Terence (D:2)
  2 adders (D:2)
  A worm (D:2)
  3 dart slugs (D:1)
  A ball python (D:1)
  4 endoplasms (D:1)
  2 giant cockroaches (D:1)
  A goblin (D:1)
  3 hobgoblins (D:1)
  3 jackals (D:1)
  A quokka (D:1)
  5 bats (D:1)
  2 frilled lizards (D:1)
  4 kobolds
  A rat (D:1)
34 creatures vanquished.

Vanquished Creatures (collateral kills)
  A ball python (D:2)
1 creature vanquished.

Grand Total: 35 creatures vanquished

Notes
Turn   | Place    | Note
-------+----------+-------------------------------------------
     0 | D:1      | horus123 the Deep Elf Wanderer began the quest for the Orb.
     0 | D:1      | horus123 set off with the following items: a +0 rapier, 12
                  | poisoned darts, a +0 dagger, a +0 robe; and the following
                  | spell memorised: Foxfire; and the following spells
                  | available to memorise: Ignite Poison
     0 | D:1      | Reached XP level 1. HP: 10/10 MP: 5/5
   408 | D:1      | Reached skill level 1 in Fighting
   585 | D:1      | Reached XP level 2. HP: 15/16 MP: 6/6
  1038 | D:1      | Found a faded altar of an unknown god.
  1038 | D:1      | Noticed a golden eye
  1043 | D:1      | Noticed a floating eye
  1048 | D:1      | Noticed a great orb of eyes
  1048 | D:1      | Noticed a golden eye
  1167 | D:1      | Reached XP level 3. HP: 17/21 MP: 7/7
  1639 | D:2      | Noticed Terence
  1663 | D:2      | Killed Terence
  1676 | D:2      | Reached XP level 4. HP: 9/28 MP: 8/8
  2087 | D:2      | HP: 1/28 [poisoned by an adder]
  2089 | D:2      | Succumbed to an adder's poison

Illustrated notes

Levels and vault maps discovered:
D:1:      mrwooster_arrival_arrow, layout_loops_ring,
          hellmonk_ecumenical_altar_watching_god, minmay_quantized
D:2:      layout_basic, uniq_terence, uniq_robin

Skill      XL: |  1  2  3 |
---------------+----------+-----
Fighting       | 1 2 3 |  3.3
Short Blades   | |  4.0
Throwing       | |  2.0
Armour         | |  1.0
Spellcasting   | |  1.5
Fire Magic     | |  1.1
Evocations     | |  1.1

Action                   |  1- 3 |  4- 6 || total
-------------------------+-------+-------++-------
Melee: Rapier            |    63 |    27 ||    90
       Punch             |     2 |       ||     2
Throw: Dart              |    46 |     9 ||    55
  Use: Scroll            |     3 |       ||     3
       Potion            |       |     1 ||     1
Armor: Robe              |    25 |     6 ||    31
Dodge: Dodged            |    59 |    15 ||    74
